 Dungeon Crawl Stone Soup version 0.21.0-25-ge575cb9 (webtiles) character file.

1026 garbagetei the Shield-Bearer (level 8, -8/61 HPs)
             Began as a Formicid Fighter on Jan 26, 2018.
             Mangled by Grum
             ... wielding a +1 halberd
              (11 damage)
             ... on level 10 of the Dungeon.
             The game lasted 00:19:03 (8419 turns).

garbagetei the Shield-Bearer (Formicid Fighter)     Turns: 8419, Time: 00:19:04

Health: -8/61      AC:  9    Str: 22    XL:     8   Next: 47%
Magic:  8/8        EV: 10    Int:  9    God:
Gold:   269        SH: 10    Dex: 10    Spells: 6/7 levels left

rFire    + . .     SeeInvis +   K - +0 long sword
rCold    . . .     Gourm    .   c - +0 shield
rNeg     . . .     Faith    .   q - +2 ring mail {rF+}
rPois    .         Spirit   .   (helmet unavailable)
rElec    .         Reflect  .   (no cloak)
rCorr    .         Harm     .   H - +0 pair of gloves
MR       .....                  (no boots)
Stlth    +.........             (no amulet)
HPRegen  0.20/turn              (no ring)
MPRegen  0.11/turn              (no ring)

@: drained
A: permanent stasis, dig shafts and tunnels, four strong arms, antennae 3
a: Dig, Shaft Self


You were on level 10 of the Dungeon.
You were very hungry.

You visited 2 branches of the dungeon, and saw 11 of its levels.

You collected 353 gold pieces.
You spent 84 gold pieces at shops.

Inventory:

Hand Weapons
 a - a +0 long sword
 m - a cursed -2 hunting sling
 o - a +0 long sword
 u - a +0 falchion
 K - a +0 long sword (weapon)
Missiles
 n - 219 stones (quivered)
 p - 60 sling bullets
Armour
 c - a +0 shield (worn)
 q - a +2 ring mail of fire resistance (worn)
 A - a +0 large shield
 H - a +0 pair of gloves (worn)
Jewellery
 v - a cursed amulet of the gourmand
Wands
 F - a wand of random effects (23)
Scrolls
 e - 2 scrolls of random uselessness
 j - 3 scrolls of remove curse
 k - a scroll of magic mapping {unknown}
 l - 6 scrolls of identify
 r - 2 scrolls of blinking {unknown}
 t - 2 scrolls of amnesia {unknown}
 w - a scroll of enchant armour
 B - a scroll of immolation {unknown}
 G - a scroll of enchant weapon {unknown}
 I - a scroll of noise
 J - a scroll of fog {unknown}
Potions
 b - a potion of haste {unknown}
 d - a potion of might
 g - a potion of agility {unknown}
 i - a potion of degeneration {unknown}
 s - 2 potions of flight {unknown}
 x - 3 potions of curing
 z - a potion of mutation {unknown}
 C - a potion of lignification {unknown}
 D - 2 potions of ambrosia {unknown}
 E - a potion of brilliance {unknown}
 L - 2 potions of berserk rage {unknown}
Books
 y - a book of Conjurations

   Spells                             Type                      Level
   a - Magic Dart                     Conjuration                  1
   b - Searing Ray                    Conjuration                  2
   c - Dazzling Spray                 Conjuration/Hexes            3
   d - Fulminant Prism                Conjuration/Hexes            4
   e - Force Lance                    Conjuration/Translocation    4
   f - Iskenderun's Mystic Blast      Conjuration                  4
Comestibles
 f - 4 rations


   Skills:
 + Level 4.8(4.2) Fighting
 + Level 5.5(4.9) Long Blades
 + Level 5.6(4.9) Armour
 + Level 2.6(2.1) Dodging
 + Level 1.3(0.8) Stealth
 + Level 6.2(5.6) Shields


You had 6 spell levels left.
You knew the following spells:

 Your Spells              Type           Power        Failure   Level  Hunger
a - Magic Dart            Conj           #...         78%         1    ##.....


Dungeon Overview and Level Annotations

Branches:
Dungeon (12/15)            Temple (1/1) D:4
   Lair: D:8-11         Orc: D:9-12

Altars:
Ashenzari
Elyvilon
Fedhas
Gozag
Hepliaklqana
Kikubaaqudgha
Makhleb
Nemelex Xobeh
Qazlal
Ru
Sif Muna
Trog
Uskayaw
Vehumet
Wu Jian
Xom
Yredelemnul
Zin
The Shining One

Shops:
D:5 ?   D:6 (

Annotations:
D:10 Grum, Sonja


Innate Abilities, Weirdness & Mutations

You cannot be hasted, slowed, berserked, paralysed or teleported.
You can dig through walls and to a lower floor.
Your four strong arms can wield two-handed weapons with a shield.
You have a pair of large antennae on your head. (SInv)


Message History

The wolf barely misses you.
You feel better. You block the wolf's attack. The wolf bites you.
* * * LOW HITPOINT WARNING * * *
The wolf bites you!
* * * LOW HITPOINT WARNING * * *
The wolf bites you but does no damage.
Are you sure you want to shaft yourself?
You are feeling very hungry.
The wolf bites you.
* * * LOW HITPOINT WARNING * * *
You block the wolf's attack.
Sonja bows elegantly.
You block the wolf's attack.
You begin to dig a shaft.
You continue digging a shaft.
The wolf closely misses you.
Sonja gestures wildly while chanting.
Sonja blinks!
You block the wolf's attack. The wolf bites you.
* * * LOW HITPOINT WARNING * * *
Grum hits you from afar with an enchanted halberd!
You die...

########
#......#
####....K.#
####......_..#
..[..........#
........ยง....#
.......@hT...#
.......hh....#
.......##gY..#
..###....##....#
..###....##....#
..........#....#
..........#Y...#
........{'....#
.##....##....#


You could see Grum, a troll, Sonja, an ice beast and 3 wolves.

Vanquished Creatures
  Edmund (D:6)
  2 ice beasts (D:5)
  A bullfrog (D:6)
  2 hounds (D:5)
  A jelly (D:6)
  An orc wizard (D:4)
  2 centaur skeletons
  4 gnolls
  8 adders
  3 oozes
  2 adder skeletons
  3 worms
  3 leopard geckos (D:3)
  20 orcs
  5 giant cockroaches
  10 goblins
  3 hobgoblins
  12 jackals
  2 quokkas
  8 bats
  5 frilled lizards
  2 jackal skeletons (D:5)
  5 kobolds
  A quokka skeleton (D:4)
  5 rats
111 creatures vanquished.

Notes
Turn   | Place    | Note
-------+----------+-------------------------------------------
     0 | D:1      | garbagetei the Formicid Fighter began the quest for the Orb.
     0 | D:1      | Reached XP level 1. HP: 18/18 MP: 1/1
   537 | D:1      | Reached XP level 2. HP: 23/24 MP: 2/2
  1124 | D:2      | Reached XP level 3. HP: 17/29 MP: 3/3
  1125 | D:2      | Reached skill level 4 in Shields
  1879 | D:2      | Reached XP level 4. HP: 35/37 MP: 4/4
  2285 | D:2      | Found an opulent altar of Gozag.
  2746 | D:3      | Reached XP level 5. HP: 41/42 MP: 5/5
  2756 | D:3      | Reached skill level 1 in Dodging
  2888 | D:3      | Found a stormy altar of Qazlal.
  3470 | D:4      | Learned a level 1 spell: Magic Dart
  3615 | D:5      | Entered Level 5 of the Dungeon
  3737 | D:4      | Reached XP level 6. HP: 31/48 MP: 6/6
  4194 | D:4      | Found a white marble altar of Elyvilon.
  4236 | D:4      | Found a staircase to the Ecumenical Temple.
  4248 | Temple   | Entered the Ecumenical Temple
  4660 | D:4      | Reached skill level 5 in Shields
  5193 | D:5      | Noticed an ice beast
  5208 | D:5      | Killed an ice beast
  5208 | D:5      | Reached XP level 7. HP: 36/55 MP: 7/7
  5863 | D:5      | Found Zatimaz's Magic Scroll Shop.
  5866 | D:5      | Bought a scroll of remove curse for 42 gold pieces
  5866 | D:5      | Bought a scroll of identify for 28 gold pieces
  5866 | D:5      | Bought a scroll of noise for 14 gold pieces
  6260 | D:6      | Noticed Edmund
  6290 | D:6      | Killed Edmund
  6589 | D:6      | Found Isiv's Weapon Boutique.
  7220 | D:6      | Found a shimmering altar of Xom.
  7220 | D:6      | Found a shimmering altar of Xom.
  7221 | D:6      | Found a shimmering altar of Xom.
  7221 | D:6      | Found a shimmering altar of Xom.
  7222 | D:6      | Found a shimmering altar of Xom.
  7225 | D:6      | Reached skill level 6 in Shields
  7260 | D:6      | Reached skill level 5 in Long Blades
  7260 | D:6      | Reached skill level 5 in Armour
  7260 | D:6      | Reached skill level 1 in Stealth
  7260 | D:6      | Reached XP level 8. HP: 57/61 MP: 8/8
  7274 | D:6      | You fall through a shaft for 3 floors!
  7323 | D:9      | Noticed a two-headed ogre
  7396 | D:9      | You fall through a shaft!
  7396 | D:10     | Entered Level 10 of the Dungeon
  7798 | D:11     | You fall through a shaft!
  8277 | D:12     | Noticed a gargoyle
  8356 | D:11     | Noticed a troll
  8386 | D:10     | Noticed Grum
  8390 | D:10     | Noticed Sonja
  8412 | D:10     | Found a shattered altar of Ashenzari.
  8419 | D:10     | HP: 3/61 [wolf[Grum] (4)]
  8419 | D:10     | Mangled by Grum

Skill      XL: |  1  2  3  4  5  6  7 |
---------------+----------------------+-----
Shields        | 4 5 6 |  6.2
Long Blades    | 3 4 5 |  5.5
Dodging        | 1 2 |  2.6
Fighting       | 4 |  4.8
Armour         | 4 5 |  5.6
Stealth        | 1 |  1.3

Action                   |  1- 3 |  4- 6 |  7- 9 || total
-------------------------+-------+-------+-------++-------
Melee: Long sword        |   123 |   236 |   134 ||   493
 Cast: Magic Dart        |       |     2 |       ||     2
 Abil: Shaft Self        |       |       |     3 ||     3
  Use: Scroll            |       |     4 |       ||     4
       Potion            |       |       |     6 ||     6
  Eat: Chunk             |     3 |     8 |     7 ||    18
       Ration            |       |     1 |     1 ||     2
Armor: Scale mail        |    83 |     9 |       ||    92
       Ring mail         |       |    78 |    59 ||   137
Dodge: Dodged            |    67 |    99 |    60 ||   226
Block: Shield            |    90 |   140 |   103 ||   333
       Rpst.: Long sword |    24 |    35 |    17 ||    76
